 Dungeon Crawl Stone Soup version 0.19.0 (webtiles) character file.

35581 edsrzf the Severer (level 13, -8/127 HPs)
             Began as a Deep Dwarf Skald on Nov 13, 2016.
             Was the Champion of Makhleb.
             Mangled by a dire elephant (13 damage)
             ... on level 6 of the Lair of Beasts.
             The game lasted 01:10:14 (15857 turns).

edsrzf the Severer (Deep Dwarf Skald)              Turns: 15857, Time: 01:10:15

Health: -8/127     AC: 12    Str: 19    XL:     13   Next: 48%
Magic:  28/28      EV: 14    Int: 15    God:    Makhleb [******]
Gold:   2617       SH:  0    Dex: 16    Spells: 3 memorised, 16 levels left

rFire  + . .     SeeInvis .     a - +2 war axe (elec)
rCold  . . .     Gourm    .     G - +3 leather armour {rF+}
rNeg   . . .     Faith    +     (no shield)
rPois  .         Spirit   .     (no helmet)
rElec  .         Reflect  .     K - +0 cloak
rCorr  .         Harm     .     S - +1 pair of gloves
MR     +....                    Q - +0 pair of boots
Stlth  +.........               E - amulet of faith {!P}
                                Z - ring of magical power
                                O - +4 ring of dexterity

@: very slightly contaminated, non-regenerating
A: damage resistance, recharge devices, fangs 1, talons 1, yellow scales 1,
sense surroundings 2, slow regeneration 3
a: Device Recharging, Minor Destruction, Lesser Servant of Makhleb, Major
Destruction, Greater Servant of Makhleb, Renounce Religion


You were on level 6 of the Lair of Beasts.
You worshipped Makhleb.
Makhleb was exalted by your worship.
You were not hungry.

You visited 2 branches of the dungeon, and saw 16 of its levels.
You also visited: Sewer and Bailey.

You collected 2671 gold pieces.
You spent 54 gold pieces at shops.

Inventory:

Hand Weapons
 a - a +2 war axe of electrocution (weapon)
 b - a +0 hand axe of venom
 C - a +0 hand crossbow
Armour
 G - a +3 leather armour of fire resistance (worn)
 K - a +0 cloak (worn)
 Q - a +0 pair of boots (worn)
 S - a +1 pair of gloves (worn)
Jewellery
 e - an uncursed amulet of regeneration {unknown}
 j - an uncursed amulet of rage {unknown}
 q - an uncursed ring of protection from magic
 y - an uncursed ring of ice
 E - an amulet of faith (around neck) {!P}
 F - an uncursed ring of flight
 O - a +4 ring of dexterity (left hand)
 Z - a ring of magical power (right hand)
Wands
 d - a wand of heal wounds (8/9)
 i - a wand of digging (15/24)
 o - a wand of hasting (2/9)
 H - a wand of lightning (3/15)
 N - a wand of teleportation (4/9)
 T - a wand of confusion (28/48)
 U - a wand of acid (10/15)
 V - a wand of iceblast (9/15)
 W - a wand of iceblast (6/15)
Scrolls
 k - 9 scrolls of remove curse {@r2}
 l - 3 scrolls of amnesia
 n - 5 scrolls of fear
 p - 6 scrolls of teleportation {@r3}
 s - 8 scrolls of recharging {@r4}
 v - a scroll of brand weapon
 M - 2 scrolls of magic mapping
 P - 2 scrolls of enchant armour
 R - a scroll of enchant weapon
Potions
 g - 3 potions of haste
 r - 2 potions of lignification
 x - 5 potions of curing
 z - 7 potions of might
 A - 3 potions of agility
 B - 5 potions of flight
 I - 2 potions of resistance
 J - 4 potions of berserk rage
 L - a potion of invisibility
Books
 c - a book of Battle
 h - a book of the Earth
 m - a book of Minor Magic
 X - a book of Clouds
 Y - a book of Frost
Comestibles
 f - 13 bread rations
 t - 27 fruits
 w - 6 meat rations


   Skills:
 + Level 11.0 Fighting
 * Level 17.2 Axes
 - Level 1.1 Armour
 - Level 4.7 Dodging
 - Level 5.0 Spellcasting
 - Level 2.6 Charms
 - Level 4.0 Translocations
 + Level 10.7 Invocations


You had 16 spell levels left.
You knew the following spells:

 Your Spells              Type           Power        Failure   Level  Hunger
a - Infusion              Chrm           ##..         10%         1    None
b - Blink                 Tloc           N/A          8%          2    ##.....
c - Lesser Beckoning      Tloc           ###.......   14%         3    ###....


Dungeon Overview and Level Annotations

Branches:
Dungeon (10/15)            Temple (0/1) D:6            Lair (6/6) D:8
  Swamp (0/4) Lair:2       Spider (0/4) Lair:4        Slime (0/5) Lair:5
    Orc: D:9-12

Altars:
Elyvilon
Fedhas
Makhleb
Uskayaw
Vehumet
Yredelemnul
The Shining One

Shops:
D:6 [

Annotations:
D:10 exclusion: orange crystal statue
Lair:3 exclusion: oklob plant


Innate Abilities, Weirdness & Mutations

You are resistant to damage.
You can recharge devices by infusing magical energy.
You passively map the area around you.
You do not regenerate.
You have very sharp teeth.
You have sharp toenails.
You are partially covered in yellow scales. (AC +2)


Message History

The dire elephant misses you.
You slash the dire elephant!
There is a sudden explosion of sparks!
You kill the dire elephant!
Makhleb accepts your kill.
You feel better.
Your Fighting skill increases to level 11!
You see here an anaconda corpse.
There is an open door, spattered with blood here.
You see here a dire elephant corpse.
You enter the shallow water.
Moving in this stuff is going to be slow.
There is a large open door here.
You now have 2598 gold pieces (gained 22).
k - 9 scrolls of remove curse {@r2} (gained 1)
You now have 2617 gold pieces (gained 19).
Your pack is full.
You see here a ring of dexterity.
Your pack is full.
You see here the Reference Book on the Creative Snowflakes.
Memorise Shroud of Golubria, consuming 2 spell levels and leaving 14?
Okay, then.
Unknown command.
Press: ? - help, v - describe, . - travel, g - get item The Reference Book on the Creative Snowflakes.
The floor.
Your pack is full.
You see here a short copper wand.
Drop what? 52/52 slots (_ for help) (? for menu, Esc to quit)
You drop 146 bolts.
o - a ring of dexterity Put on which piece of jewellery? (? for menu, Esc to quit)
You're wearing all the rings you can.
Remove which one? (? for menu, Esc to cancel) < or
O - a +4 ring of dexterity; > or
Z - a ring of magical power You remove your +4 ring of dexterity.
You feel clumsy.
You feel agile.
o - a +4 ring of dexterity (left hand)
You remove your +4 ring of dexterity.
You feel clumsy.
You drop a +4 ring of dexterity.
Put on which piece of jewellery? (? for menu, Esc to quit)
You feel agile.
O - a +4 ring of dexterity (left hand)
o - a wand of hasting
Okay, then.
Unknown command.
Drop what? 52/52 slots (_ for help) (? for menu, Esc to quit)
Okay, then.
Your pack is full.
You see here the Reference Book on the Creative Snowflakes.
Your pack is full.
You see here the Reference Book on the Creative Snowflakes.
Could not pick up an item here; shall I ignore it?
You see here the Reference Book on the Creative Snowflakes.
Done exploring.
Unknown command.
Done exploring.
(D) Dungeon (T) Temple (L) Lair (S) Swamp (N) Spider Nest (M) Slime Pits
Where to? (Enter - Lair:6 @ (x,y), ? - help)
You see here 146 bolts.
There is a large open door here.
You enter the shallow water.
Moving in this stuff is going to be slow.
A dire elephant comes into view.
The dire elephant trumpets!
There is an open door, spattered with blood here.
You see here a dire elephant corpse.
You hit the dire elephant.
You bite the dire elephant, but do no damage.
The dire elephant is lightly wounded.
The dire elephant tramples you!
You stumble backwards!
You hit the dire elephant.
The dire elephant is lightly wounded.
The dire elephant tramples you.
You stumble backwards!
You slash the dire elephant!
You bite the dire elephant, but do no damage.
The dire elephant is lightly wounded.
The dire elephant tramples you!!
* * * LOW HITPOINT WARNING * * *
You stumble backwards!
You feel much better.
The dire elephant tramples you but does no damage.
The dire elephant trunk-slaps you.
A demon appears!
It doesn't seem very happy.
The dire elephant tramples you!!
* * * LOW HITPOINT WARNING * * *
You stumble backwards!
Splash!
You fall into the shallow water.
Moving in this stuff is going to be slow.
Blink to where?
Press: ? - help, Dir - move target cursor You are very lightly contaminated with residual magic.
As you read the scroll of blinking, it crumbles to dust.
There is a large open door here.
The dire elephant tramples you!
You die...

⌠.8#####...##♣♣♣##..(P..#
..###.≈###.#### #......#
####.≈2≈§#...P####.....P#
...#≈≈≈≈.####....#+######
...'≈≈≈≈.#8.####.#.#
...'≈≈≈..†.†...#...#
...##≈≈.##8....#8..# *♣♣
#############''##'###
*♣=♣ #...#@...##♣8♣*
###.Y.......♣ ##.......##
#.#..#.## ########


You could see a dire elephant.

Vanquished Creatures
  A dire elephant (Lair:6)
  Fannar (Lair:1)
  2 hydras
  An anaconda (Lair:6)
  A death yak (Lair:3)
  A necromancer (D:10)
  2 hill giants (D:10)
  A cyclops (D:9)
  Joseph (D:7)
  4 elephants (Lair:6)
  2 black mambas
  17 spiny frogs
  A centaur skeleton (D:10)
  3 rime drakes
  5 komodo dragons
  A hornet (D:10)
  A troll (D:9)
  12 blink frogs
  8 dream sheep
  7 hippogriffs
  Eustachio (D:4)
  A wyvern (Lair:2)
  22 yaks
  7 basilisks
  2 hungry ghosts
  Edmund (D:4)
  A soldier ant (D:7)
  10 water moccasins
  Duvessa (D:4)
  9 porcupines
  6 orc warriors
  2 sky beasts
  7 ice beasts
  2 centaurs
  2 necrophages
  25 wolves
  3 ogres
  10 crocodiles
  5 big kobolds
  10 bullfrogs
  Dowan (D:4)
  A wyvern skeleton (D:9)
  3 scorpions
  3 howler monkeys
  An electric eel (Lair:5)
  4 crimson imps
  A quasit (D:8)
  7 hounds
  A bullfrog zombie (D:5)
  5 jellies
  2 bullfrog skeletons
  5 orc priests
  4 iguanas
  4 orc wizards
  3 polar bear simulacra (D:10)
  A statue (D:8)
  13 worker ants
  4 yak simulacra (D:10)
  2 wolf simulacra (D:10)
  A hound zombie (D:5)
  A hound skeleton (D:4)
  A howler monkey skeleton (D:5)
  9 adders
  4 river rats (Sewer)
  7 oozes
  An adder zombie (D:8)
  3 worms
  4 leopard geckos
  45 orcs
  7 ball pythons
  7 giant cockroaches
  16 goblins
  8 hobgoblins
  12 jackals
  7 quokkas
  15 bats
  6 frilled lizards
  36 kobolds
  2 leopard gecko skeletons
  2 quokka skeletons (D:5)
  27 rats
  2 river rat simulacra (D:10)
  A butterfly (D:7)
  2 fungi
  4 plants (Lair:6)
494 creatures vanquished.

Vanquished Creatures (collateral kills)
  A dire elephant (Lair:6)
1 creature vanquished.

Vanquished Creatures (others)
  A crocodile (Lair:5)
  2 fungi
  4 plants
7 creatures vanquished.

Grand Total: 502 creatures vanquished

Notes
Turn   | Place    | Note
-------+----------+-------------------------------------------
     0 | D:1      | edsrzf the Deep Dwarf Skald began the quest for the Orb.
     0 | D:1      | Reached XP level 1. HP: 19/19 MP: 3/3
   299 | D:1      | Reached XP level 2. HP: 23/26 MP: 1/4
   428 | D:1      | Reached skill level 2 in Fighting
   757 | D:1      | Reached skill level 3 in Axes
  1087 | D:1      | Reached XP level 3. HP: 13/32 MP: 1/5
  1489 | D:2      | Found a basalt altar of Yredelemnul.
  1602 | D:2      | Reached skill level 2 in Dodging
  2084 | D:3      | Found a hide-covered altar of Uskayaw.
  2178 | D:3      | Reached XP level 4. HP: 14/39 MP: 6/6
  2313 | D:3      | Found a white marble altar of Elyvilon.
  2313 | D:3      | Found a burning altar of Makhleb.
  2322 | D:3      | Became a worshipper of Makhleb the Destroyer
  2521 | D:3      | Reached skill level 4 in Axes
  2522 | D:3      | Found a glowing drain.
  2531 | Sewer    | Entered a sewer
  2610 | Sewer    | Noticed a big kobold
  2610 | Sewer    | Noticed a big kobold
  2626 | Sewer    | Killed a big kobold
  2626 | Sewer    | Reached skill level 3 in Dodging
  2626 | Sewer    | Reached XP level 5. HP: 36/46 MP: 1/7
  2627 | Sewer    | Reached skill level 5 in Axes
  2724 | Sewer    | Reached skill level 3 in Fighting
  2774 | Sewer    | Reached XP level 6. HP: 32/56 MP: 4/8
  2958 | Sewer    | Reached * piety under Makhleb
  3223 | Sewer    | Reached skill level 4 in Dodging
  3476 | D:3      | Reached skill level 6 in Axes
  3791 | D:4      | Noticed Duvessa
  3791 | D:4      | Noticed Dowan
  3806 | D:4      | Killed Duvessa
  3806 | D:4      | Reached XP level 7. HP: 24/62 MP: 6/8
  3819 | D:4      | Killed Dowan
  3843 | D:4      | Noticed Eustachio
  3947 | D:4      | Noticed Edmund
  3956 | D:4      | Identified 7 potions of curing
  3966 | D:4      | Killed Edmund
  3966 | D:4      | Reached skill level 4 in Fighting
  4042 | D:4      | Reached skill level 7 in Axes
  4053 | D:4      | Reached ** piety under Makhleb
  4111 | D:4      | Found a glowing golden altar of the Shining One.
  4240 | D:4      | Identified 4 potions of mutation
  4240 | D:4      | Gained mutation: You have very sharp teeth. [potion of mutation]
  4240 | D:4      | Gained mutation: You evolve. [potion of mutation]
  4240 | D:4      | Gained mutation: You are partially covered in yellow scales. (AC +2) [potion of mutation]
  4244 | D:4      | Identified 4 potions of heal wounds
  4267 | D:4      | Killed Eustachio
  4267 | D:4      | Reached skill level 1 in Invocations
  4392 | D:4      | Reached XP level 8. HP: 26/73 MP: 9/9
  4758 | D:5      | Entered Level 5 of the Dungeon
  4793 | D:5      | Reached skill level 2 in Invocations
  4850 | D:5      | Reached skill level 8 in Axes
  4900 | D:5      | Reached skill level 3 in Invocations
  5762 | D:5      | Reached skill level 5 in Fighting
  5783 | D:5      | Reached *** piety under Makhleb
  5783 | D:5      | Reached skill level 4 in Invocations
  5902 | D:5      | Reached skill level 9 in Axes
  6451 | D:6      | Found a staircase to the Ecumenical Temple.
  6621 | D:6      | Gained mutation: You passively map the area around you. [Deep Dwarf growth]
  6621 | D:6      | Reached XP level 9. HP: 51/81 MP: 10/10
  6647 | D:6      | Found a blossoming altar of Fedhas.
  6665 | D:6      | Found Idoeri's Armour Boutique.
  6673 | D:6      | Bought a +0 pair of boots for 54 gold pieces
  6770 | D:6      | Identified 5 scrolls of identify
  6770 | D:6      | Identified 5 potions of might
  6771 | D:6      | Identified 5 potions of flight
  6772 | D:6      | Identified 2 potions of agility
  6773 | D:6      | Identified 2 potions of degeneration
  6775 | D:6      | Identified a potion of lignification
  7146 | D:6      | Gained mutation: You are agile. (Dex +2) [evolution]
  7265 | D:7      | Reached skill level 5 in Invocations
  7316 | D:7      | Reached **** piety under Makhleb
  7380 | D:7      | Reached skill level 10 in Axes
  7489 | D:7      | Reached skill level 6 in Fighting
  7497 | D:7      | Noticed Joseph
  7745 | D:7      | Found a runed door.
  7760 | D:7      | Found a runed door.
  7980 | D:7      | Reached skill level 6 in Invocations
  8005 | D:7      | Killed Joseph
  8092 | D:7      | Reached skill level 11 in Axes
  8292 | D:8      | Found a flagged portal.
  8293 | D:8      | Reached ***** piety under Makhleb
  8310 | Bailey   | Entered a bailey
  8380 | Bailey   | Reached skill level 7 in Invocations
  8380 | Bailey   | Reached XP level 10. HP: 70/92 MP: 13/13
  8438 | Bailey   | Found a bloodstained altar of Trog.
  8585 | D:8      | Identified 2 potions of berserk rage
  8586 | D:8      | Identified a potion of resistance
  8647 | D:8      | Found a staircase to the Lair.
  8729 | D:8      | Found a radiant altar of Vehumet.
  8751 | D:8      | Reached skill level 7 in Fighting
  8807 | D:8      | Identified a potion of invisibility
  9120 | D:9      | Identified 9 scrolls of remove curse
  9121 | D:9      | Identified a scroll of blinking
  9122 | D:9      | Got a steaming scale mail
  9133 | D:9      | Identified the +3 scale mail of Lounera {rC+++ rN++ Str-2 Dex-2} (You found it on level 9 of the Dungeon)
  9176 | D:9      | Identified 3 scrolls of amnesia
  9177 | D:9      | Identified 5 scrolls of recharging
  9178 | D:9      | Identified 3 scrolls of teleportation
  9180 | D:9      | Identified 3 scrolls of magic mapping
  9180 | D:9      | Noticed a cyclops
  9189 | D:9      | Killed a cyclops
  9189 | D:9      | Reached skill level 12 in Axes
  9189 | D:9      | Reached skill level 8 in Invocations
  9609 | D:10     | Entered Level 10 of the Dungeon
  9632 | D:10     | Noticed a necromancer
  9655 | D:10     | Killed a necromancer
  9750 | D:10     | Reached ****** piety under Makhleb
  9806 | D:10     | Reached skill level 13 in Axes
  9813 | D:10     | Noticed a hill giant
  9824 | D:10     | Killed a hill giant
  9824 | D:10     | Reached skill level 8 in Fighting
  9824 | D:10     | Reached skill level 9 in Invocations
  9824 | D:10     | Reached XP level 11. HP: 103/103 MP: 15/15
  9854 | D:10     | Noticed an orange crystal statue
  9995 | D:10     | Noticed a hill giant
  9999 | D:10     | Killed a hill giant
 10139 | D:10     | Got an ichor-stained mace
 10140 | D:10     | Identified the cursed +1 mace of a bailey {pain, rElec} (You found it on level 10 of the Dungeon)
 10165 | D:10     | Noticed a skeletal warrior
 10165 | D:10     | Noticed a skeletal warrior
 10165 | D:10     | Noticed a skeletal warrior
 10223 | Lair:1   | Entered Level 1 of the Lair of Beasts
 10223 | Lair:1   | Noticed Fannar
 10250 | Lair:1   | Killed Fannar
 10462 | Lair:1   | Reached skill level 10 in Invocations
 10601 | Lair:1   | Identified 3 scrolls of noise
 10608 | Lair:1   | Learned a level 2 spell: Blink
 10668 | Lair:1   | Reached skill level 14 in Axes
 10727 | Lair:1   | Gained mutation: You have sharp toenails. [evolution]
 10747 | Lair:1   | Reached skill level 1 in Translocations
 10856 | Lair:1   | Reached skill level 2 in Translocations
 11014 | Lair:1   | Reached skill level 9 in Fighting
 11209 | Lair:2   | Reached skill level 3 in Translocations
 11336 | Lair:2   | Noticed a seven-headed hydra
 11377 | Lair:2   | Found a staircase to the Swamp.
 11520 | Lair:2   | Identified 4 scrolls of immolation
 11521 | Lair:2   | Identified 4 scrolls of fear
 11522 | Lair:2   | Identified 3 scrolls of enchant armour
 11624 | Lair:2   | Identified 2 scrolls of enchant weapon
 11669 | Lair:2   | Reached XP level 12. HP: 89/114 MP: 17/17
 11694 | Lair:2   | Reached skill level 4 in Translocations
 11996 | Lair:2   | Reached skill level 2 in Spellcasting
 12030 | Lair:3   | Reached skill level 15 in Axes
 12176 | Lair:3   | Identified a scroll of random uselessness
 12182 | Lair:3   | Gained mutation: You have a pair of small horns on your head. [evolution]
 12559 | Lair:3   | Learned a level 3 spell: Lesser Beckoning
 12657 | Lair:3   | Noticed a four-headed hydra
 12667 | Lair:3   | Killed a seven-headed hydra
 12667 | Lair:3   | Reached skill level 3 in Spellcasting
 12746 | Lair:3   | Identified a potion of brilliance
 12824 | Lair:3   | Noticed a death yak
 12829 | Lair:3   | Noticed a death yak
 12830 | Lair:3   | Noticed a death yak
 12837 | Lair:3   | Noticed a death yak
 12849 | Lair:3   | Killed a death yak
 13097 | Lair:3   | Noticed a death yak
 13099 | Lair:3   | Noticed a death yak
 13106 | Lair:4   | Identified a potion of ambrosia
 13372 | Lair:4   | Identified a scroll of brand weapon
 13470 | Lair:4   | Found a hole to the Spider Nest.
 13855 | Lair:4   | Reached skill level 10 in Fighting
 14079 | Lair:5   | Reached skill level 16 in Axes
 14079 | Lair:5   | Reached skill level 4 in Spellcasting
 14157 | Lair:5   | Found a staircase to the Slime Pits.
 14205 | Lair:5   | Noticed a death yak
 14248 | Lair:5   | Noticed a death yak
 14267 | Lair:5   | Noticed a death yak
 14453 | Lair:6   | Entered Level 6 of the Lair of Beasts
 14475 | Lair:6   | Reached XP level 13. HP: 124/124 MP: 18/18
 14507 | Lair:6   | Identified a scroll of torment
 14689 | Lair:6   | Reached skill level 5 in Spellcasting
 15118 | Lair:6   | Identified a potion of cure mutation
 15118 | Lair:6   | Lost mutation: You have a pair of small horns on your head. [potion of cure mutation]
 15118 | Lair:6   | Lost mutation: You are agile. (Dex +2) [potion of cure mutation]
 15118 | Lair:6   | Lost mutation: You evolve. [potion of cure mutation]
 15184 | Lair:6   | Reached skill level 17 in Axes
 15764 | Lair:6   | Noticed a dire elephant
 15764 | Lair:6   | Noticed a dire elephant
 15779 | Lair:6   | Killed a dire elephant
 15792 | Lair:6   | Killed a dire elephant
 15792 | Lair:6   | Reached skill level 11 in Fighting
 15814 | Lair:6   | Identified the Reference Book on the Creative Snowflakes
 15841 | Lair:6   | Noticed a dire elephant
 15849 | Lair:6   | Noticed a green death
 15849 | Lair:6   | HP: 5/127 [dire elephant (31)]
 15857 | Lair:6   | Mangled by a dire elephant

Skill      XL: |  1  2  3  4  5  6  7  8  9 10 11 12 13 |
---------------+----------------------------------------+-----
Fighting       | 2 3 4 5 6 8 9 10 11 | 11.0
Axes           | 3 4 5 6 7 9 11 13 14 16 17 | 17.2
Dodging        | 2 3 4 |  4.7
Invocations    | 1 4 7 9 10 | 10.7
Translocations | 3 4 |  4.0
Spellcasting   | 4 5 |  5.0
Armour         | |  1.1
Charms         | |  2.6

Action                   |  1- 3 |  4- 6 |  7- 9 | 10-12 | 13-15 || total
-------------------------+-------+-------+-------+-------+-------++-------
Melee: Hand axe          |    62 |       |   133 |     7 |       ||   202
       War axe           |    69 |   139 |   208 |   460 |   135 ||  1011
       Bite              |       |       |    42 |    61 |    31 ||   134
       Headbutt          |       |       |       |    30 |    14 ||    44
 Cast: Infusion          |    18 |    13 |    13 |       |       ||    44
       Blink             |       |       |       |     3 |       ||     3
Invok: Minor Destruction |       |       |   129 |   309 |    58 ||   496
       Greater Servant o |       |       |       |       |     2 ||     2
       Major Destruction |       |       |       |       |     1 ||     1
 Abil: Device Recharging |       |     1 |     1 |       |       ||     2
Evoke: Wand              |     1 |     5 |     4 |       |       ||    10
  Use: Potion            |       |       |     7 |     4 |     5 ||    16
       Scroll            |       |       |     5 |    21 |     2 ||    28
 Stab: Sleeping          |       |       |     2 |     2 |       ||     4
  Eat: Chunk             |     5 |     5 |    13 |    12 |       ||    35
       Royal jelly       |       |       |     1 |     2 |       ||     3
       Pizza             |       |       |       |     2 |       ||     2
       Meat ration       |       |       |       |     1 |       ||     1
       Beef jerky        |       |       |       |       |     2 ||     2
Armor: Leather armour    |    42 |    28 |    91 |   112 |    50 ||   323
Dodge: Dodged            |    92 |   115 |   261 |   255 |    63 ||   786
